 Dungeon Crawl Stone Soup version bcrawl-1.37.2 (webtiles) character file.

Game seed: 9268133382192375427

192699 Mehrunes the Destroyer (level 8, -2/57 HPs)
             Began as a White Draconian Conjurer on Oct 26, 2022.
             Was a Believer of Vehumet.
             Slain by an ogre
             ... wielding a +0 giant spiked club
              (26 damage)
             ... on level 6 of the Dungeon.
             The game lasted 00:21:25 (8093 turns).

Mehrunes the Destroyer (White Draconian Conjurer)   Turns: 8093, Time: 00:21:25

Health: -2/57      AC:  8    Str: 11    XL:     8   Next: 94%
Magic:  10/15      EV: 13    Int: 18    God:    Vehumet [**....]
Gold:   440        SH:  0    Dex: 11    Spells: 6/17 levels left

rFire    . . .     GDR:     23% a - +0 dagger
rCold    + . .     SeeInvis .   (no shield)
rNeg     . . .     Gourm    .   (armour unavailable)
rPois    .         Faith    .   (helmet restricted)
rElec    .         Spirit   .   p - +0 cloak
rCorr    .         Reflect  .   l - +0 pair of gloves
MR       .....                  (no boots)
Stlth    ++........             (no amulet)
HPRegen  0.19/turn              (no ring)
MPRegen  0.14/turn              (no ring)

@: short of breath, slowed, very slow
A: breathe frost, unfitting armour, cold resistance 1, cold-blooded, AC +6
a: Breathe Frost, Renounce Religion


You were on level 6 of the Dungeon.
You worshipped Vehumet.
Vehumet was pleased with you.
You were not hungry.

You visited 2 branches of the dungeon, and saw 7 of its levels.
You also visited: Sewer.

You collected 440 gold pieces.

Inventory:

Hand Weapons
 a - a +0 dagger (weapon)
Armour
 l - a +0 pair of gloves (worn)
 p - a +0 cloak (worn)
Jewellery
 q - the ring of Iluz {Ice Int+4}
   (You found it on level 4 of the Dungeon)

   [ring of ice]

   It enhances your ice magic.
   It affects your intelligence (+4).
   It makes you vulnerable to fire.
   It protects you from cold.
 z - a -3 ring of strength
Wands
 k - a wand of acid (4)
 r - a wand of paralysis (2)
 s - a wand of disintegration (15)
 t - a wand of iceblast (4)
Scrolls
 c - 3 scrolls of enchant weapon
 d - 2 scrolls of immolation
 f - 10 scrolls of remove curse
 h - 6 scrolls of fog
 i - a scroll of identify
 m - 3 scrolls of teleportation
 o - a scroll of enchant armour
 w - 2 scrolls of blinking
 y - a scroll of amnesia {unknown}
Potions
 b - a potion of magic
 g - 2 potions of curing {unknown}
 j - 8 potions of flight {unknown}
 n - 4 potions of might {unknown}
 u - 2 potions of brilliance {unknown}
 v - a potion of ambrosia {unknown}
 x - a potion of cancellation {unknown}
Comestibles
 e - 13 rations {!d}
 A - 2 chunks of flesh


   Skills:
 + Level 3.1 Dodging
 - Level 2.0 Stealth
 - Level 5.0 Spellcasting
 - Level 8.0 Conjurations
 - Level 7.2 Transmutations


You had 6 spell levels left.
You knew the following spells:

 Your Spells              Type           Power        Failure   Level  Hunger
a - Magic Dart            Conj           ####         1%          1    None
b - Searing Ray           Conj           ####....     1%          2    None
c - Iskenderun's Mystic   Conj           ####....     1%          3    ###....
d - Irradiate             Conj/Tmut      ####......   4%          5    ######.

Your spell library contained the following spells:

 Spells                   Type           Power        Failure   Level  Hunger
 Flame Tongue             Conj/Fire      ###..        1%          1    None
 Beastly Appendage        Tmut           ####..       1%          1    None
 Sticks to Snakes         Tmut           ####....     1%          2    None
 Passwall                 Tmut/Erth      ###.....     4%          2    None
 Fulminant Prism          Conj/Hex       ###.......   7%          4    #####..
 Spider Form              Tmut/Pois      ###          9%          3    ###....
 Blade Hands              Tmut           ####......   19%         5    ######.
 Ice Form                 Ice/Tmut       ###.....     30%         4    #####..


Dungeon Overview and Level Annotations

Branches:
Dungeon (6/12)             Temple (1/1) D:5

Altars:
Ashenzari
Cheibriados
Dithmenos
Fedhas
Gozag
Hepliaklqana
Lugonu
Makhleb
Nemelex Xobeh
Qazlal
Vehumet
Wu Jian
Zin
The Shining One

Shops:
D:6 %

Annotations:
D:4 exclusion: two-headed ogre


Innate Abilities, Weirdness & Mutations

You can breathe waves of freezing cold.
You can buffet flying creatures when you breathe cold.
Your icy white scales are hard. (AC +6)
You cannot fit into any form of body armour.
Your flesh is cold resistant. (rC+)
You are cold-blooded and may be slowed by cold attacks.


Message History

The hippogriff bites you. The hippogriff closely misses you.
The hippogriff misses you.
Casting: Searing Ray (safe; 1% risk of failure)
Confirm with . or Enter, or press ? or * to list all spells.
Aiming: Searing Ray (safe; 1% risk of failure)
Press: ? - help, Shift-Dir - straight line, f - hippogriff
Aim: a hippogriff (almost dead, covered in acid)
The searing ray hits the hippogriff!
You kill the hippogriff!
Vehumet accepts your kill.
You feel your power returning. (Press . to maintain the ray.)
The ogre barely misses you.
Your Dodging skill gained 2 levels and is now at level 3!
The searing ray hits the ogre.
The ogre is severely wounded.
The orc wizard mumbles some strange words.
The orc wizard seems to speed up.
The ogre hits you with a +0 giant spiked club!!
You die...

#..##.......#### #####
##.##[.........# ....#
##'######'####.# ....# #....# #o#
#.####### ....# #....# #o#
#.......# ....# #....# #.#
##.####.## ..).# #....# #)# ##.##
#..# ###.# #....# #O# #...# ##.##
#...# #....# #@# ##.#.## #..#
#.#########.####.###..#..####.##
#..)..[.).........#..###..###..#
########...#.###....##.##..###)##
#.#..)......##...##..##..#
#......##..##.....'#..##.#
#...#..)..##.......##.....
#####...###...._....###...
#.....##.......##...##


You could see an ogre, an orc wizard and an orc.

Vanquished Creatures
  A hippogriff (D:6)
  A meliai zombie (D:6)
  A yak (D:5)
  2 sky beasts (D:6)
  An orc warrior (D:6)
  An ice beast (D:6)
  An ogre (D:4)
  A kobold brigand (D:6)
  A bullfrog (D:6)
  A water moccasin skeleton (D:4)
  A scorpion (D:4)
  A howler monkey (D:4)
  An orc priest (D:6)
  3 crimson imps
  2 hounds
  2 jellies
  2 bullfrog skeletons
  An iguana (D:6)
  2 worker ants (D:4)
  2 hound zombies (D:6)
  A worker ant zombie (D:5)
  Robin (D:2)
  4 gnolls (D:6)
  3 adders
  4 oozes
  2 adder skeletons (D:6)
  6 worms
  4 dart slugs
  6 leopard geckos
  12 orcs
  13 bats
  4 giant cockroaches
  9 goblins
  7 hobgoblins
  10 jackals
  7 quokkas
  2 ball pythons
  10 frilled lizards
  A jackal skeleton (D:4)
  10 kobolds
  4 rats (D:1)
148 creatures vanquished.

Notes
Turn   | Place    | Note
-------+----------+-------------------------------------------
     0 | D:1      | Mehrunes the Draconian Conjurer began the quest for the
                  | Orb.
     0 | D:1      | Reached XP level 1. HP: 14/14 MP: 3/3
    92 | D:1      | Reached XP level 2. HP: 16/20 MP: 5/5
   111 | D:1      | Learned a level 2 spell: Searing Ray
   461 | D:1      | Reached XP level 3. HP: 26/26 MP: 5/7
  1651 | D:2      | Found an opulent altar of Gozag.
  1801 | D:2      | Reached XP level 4. HP: 33/33 MP: 1/8
  2641 | D:2      | Learned a level 3 spell: Iskenderun's Mystic Blast
  2829 | D:2      | Noticed Robin
  2835 | D:2      | Killed Robin
  2836 | D:2      | Reached skill level 5 in Conjurations
  3306 | D:3      | Found a hazy altar of Hepliaklqana.
  3960 | D:3      | Reached XP level 5. HP: 38/38 MP: 3/10
  4186 | D:4      | Noticed an ogre
  4200 | D:4      | Killed an ogre
  4201 | D:4      | Reached XP level 6. HP: 45/45 MP: 5/12
  4237 | D:4      | Reached skill level 6 in Conjurations
  4301 | D:4      | Got a brightly glowing copper ring
  4593 | D:4      | Reached skill level 5 in Spellcasting
  4710 | D:4      | Noticed a two-headed ogre
  5018 | D:5      | Entered Level 5 of the Dungeon
  5084 | D:5      | Found a snail-covered altar of Cheibriados.
  5240 | D:5      | Found an opulent altar of Gozag.
  5363 | D:5      | Found a staircase to the Ecumenical Temple.
  5370 | Temple   | Entered the Ecumenical Temple
  5678 | Temple   | Became a worshipper of Vehumet
  5726 | D:5      | Identified the cursed ring of Iluz {Ice Int+4} (You found
                  | it on level 4 of the Dungeon)
  5921 | D:5      | Your scales start taking on an icy white colour.
  5921 | D:5      | Reached XP level 7. HP: 50/50 MP: 7/14
  5921 | D:5      | Gained mutation: Your flesh is cold resistant. (rC+) [White
                  | Draconian growth]
  5963 | D:5      | Noticed a yak
  6116 | D:5      | Reached skill level 7 in Conjurations
  6593 | D:5      | Learned a level 5 spell: Irradiate
  6642 | D:5      | Killed a yak
  6716 | D:6      | Found a glowing drain.
  6753 | Sewer    | Entered a sewer
  6962 | Sewer    | Reached * piety under Vehumet
  6962 | Sewer    | Offered knowledge of Sting by Vehumet.
  7155 | D:6      | Reached skill level 8 in Conjurations
  7349 | D:6      | Found a sparkling altar of Nemelex Xobeh.
  7454 | D:6      | Reached XP level 8. HP: 57/57 MP: 8/15
  7629 | D:6      | Found Cuejahil's Food Shop.
  7662 | D:6      | Reached skill level 5 in Transmutations
  7864 | D:6      | Found a glowing golden altar of the Shining One.
  8023 | D:6      | Offered knowledge of Flame Tongue by Vehumet.
  8069 | D:6      | Found a shattered altar of Ashenzari.
  8069 | D:6      | Noticed a hippogriff
  8091 | D:6      | Reached ** piety under Vehumet
  8092 | D:6      | Killed a hippogriff
  8093 | D:6      | Slain by an ogre

Skill      XL: |  1  2  3  4  5  6  7  8 |
---------------+-------------------------+-----
Spellcasting   | 3 4 5 |  5.0
Conjurations   | 5 6 8 |  8.0
Transmutations | 3 7 |  7.2
Dodging        | 3 |  3.1
Stealth        | |  2.0

Action                   |  1- 3 |  4- 6 |  7- 9 || total
-------------------------+-------+-------+-------++-------
Melee: Dagger            |    49 |    10 |     6 ||    65
       Tailslap          |     8 |     2 |       ||    10
 Cast: Magic Dart        |    71 |    58 |    99 ||   228
       Searing Ray       |     6 |    22 |    15 ||    43
 Abil: Breathe Frost     |       |       |     2 ||     2
Evoke: Wand              |       |     1 |     2 ||     3
  Use: Scroll            |       |     7 |     1 ||     8
  Eat: Chunk             |     6 |    14 |     7 ||    27
       Ration            |       |       |     1 ||     1
Armor: Skin              |    26 |    18 |    25 ||    69
Dodge: Dodged            |    42 |    34 |    56 ||   132
